 Dungeon Crawl Stone Soup version 0.31-a0-1267-gfedaa18580 (webtiles) character file.

Game seed: 12588502934052844000

263 skwerlee the Chopper (level 6, 0/48 HPs)
             Began as a Human Fighter on Dec 17, 2023.
             Succumbed to a scorpion's poison
             ... on level 4 of the Dungeon.
             The game lasted 00:03:37 (2504 turns).

skwerlee the Chopper (Human Fighter)                Turns: 2504, Time: 00:03:37

Health: 0/48       AC:  6    Str: 18    XL:     6   Next: 19%
Magic:  6/6        EV:  9    Int:  8    God:
Gold:   128        SH:  5    Dex: 13    Spells: 5/5 levels left

rFire   . . .        a - +0 war axe
rCold   . . .        c - +0 buckler
rNeg    . . .        b - +0 scale mail
rPois   .            (no helmet)
rElec   .            (no cloak)
rCorr   .            (no gloves)
SInv    .            (no boots)
Will    .....        (no amulet) Stlth
                     (no ring)
HPRegen 0.28/turn    (no ring)
MPRegen 0.10/turn

%: no passive effects
@: lethally poisoned (0 -> -8)
A: explore regen
a: no special abilities


You were on level 4 of the Dungeon.
You visited 1 branch of the dungeon, and saw 4 of its levels.

You collected 128 gold pieces.

Inventory:

Hand Weapons
 a - a +0 war axe (weapon)
Armour
 b - a +0 scale mail (worn)
 c - a +0 buckler (worn)
Scrolls
 g - 4 scrolls of teleportation
 h - 4 scrolls of noise
 i - a scroll of vulnerability {unknown}
 j - a scroll of poison {unknown}
 k - a scroll of immolation {unknown}
 m - a scroll of silence {unknown}
 o - a scroll of blinking {unknown}
Potions
 d - a potion of might
 e - a potion of berserk rage {unknown}
 f - a potion of cancellation
 l - a potion of attraction {unknown}
 n - 2 potions of magic
 p - a potion of mutation {unknown}
 q - a potion of degeneration {unknown}


   Skills:
 + Level 3.8 Fighting
 + Level 5.2 Axes
 - Level 3.3 Armour
 - Level 0.4 Dodging
 - Level 3.4 Shields


You had 5 spell levels left.
You didn't know any spells.
Your spell library contained the following spells:

 Spells                   Type           Power      Damage    Failure   Level
 Apportation              Tloc           0%         N/A       86%         1
 Jinxbite                 Hex            0%         N/A       95%         2
 Alistair's Intoxication  Tmut/Pois      0%         N/A       100%        5


Dungeon Overview and Level Annotations

Branches:
Dungeon (4/15)
 Temple: D:4-7

Altars:


Innate Abilities, Weirdness & Mutations

You regain HP and MP as you explore.


Message History

You are too injured to fight recklessly!
You are too injured to fight recklessly!
You slash the gnoll!
The gnoll is severely wounded.
The gnoll hits you with a +0 flail.
You hit the gnoll.
The gnoll is almost dead.
The gnoll barely misses you.
You hit the gnoll but do no damage.
The gnoll is almost dead.
The gnoll closely misses you. You block the scorpion's attack.
The gnoll barely misses you.
You hit the gnoll but do no damage.
The gnoll is almost dead.
You hit the scorpion. You block the scorpion's attack.
The gnoll hits you with a +0 flail.
You slash the gnoll!
You kill the gnoll!
You closely miss the scorpion.
The scorpion stings you but does no damage.
The scorpion stings you.
* * * LOW HITPOINT WARNING * * *
You hit the scorpion but do no damage.
The scorpion is moderately wounded.
The scorpion stings you.
* * * LOW HITPOINT WARNING * * *
You closely miss the scorpion.
The scorpion is moderately wounded.
The scorpion stings you.
* * * LOW HITPOINT WARNING * * *
You are lethally poisoned!
The scorpion poisons you! The scorpion barely misses you.
You closely miss the scorpion.
The scorpion is moderately wounded.
* * * LOW HITPOINT WARNING * * *
You feel very sick.
The scorpion stings you but does no damage.
You hit the scorpion but do no damage.
The scorpion is moderately wounded.
You die...

#.# #.#
#.###
#.#..
#.#.#
#.#.#
#.#)#
#.#)#
#.#@##.##
#..s)...#
###.#####
#.# #.#
#.# ..#
###


You could see a scorpion.

Vanquished Creatures
  A centaur (D:4)
  A hound (D:4)
  4 gnolls (D:4)
  3 adders
  A dart slug (D:1)
  4 orcs
  5 endoplasms
  2 giant cockroaches
  8 goblins
  5 hobgoblins
  13 kobolds
  7 quokkas
  7 ball pythons
  7 bats
  4 frilled lizards
  5 rats
77 creatures vanquished.

Notes
Turn   | Place    | Note
-------+----------+-------------------------------------------
     0 | D:1      | skwerlee the Human Fighter began the quest for the Orb.
     0 | D:1      | Reached XP level 1. HP: 18/18 MP: 1/1
   104 | D:1      | Reached XP level 2. HP: 24/24 MP: 2/2
   624 | D:1      | Reached XP level 3. HP: 23/29 MP: 3/3
  1244 | D:2      | Reached skill level 3 in Axes
  1244 | D:2      | Reached XP level 4. HP: 32/35 MP: 4/4
  1391 | D:2      | Found a faded altar of an unknown god.
  2170 | D:4      | Noticed a centaur
  2215 | D:4      | Noticed a centaur
  2222 | D:4      | Killed a centaur
  2223 | D:4      | Reached skill level 4 in Axes
  2223 | D:4      | Reached XP level 5. HP: 24/41 MP: 5/5
  2398 | D:4      | Reached XP level 6. HP: 38/48 MP: 6/6
  2488 | D:4      | Reached skill level 5 in Axes
  2504 | D:4      | Succumbed to a scorpion's poison

Illustrated notes

Levels and vault maps discovered:
D:1:      amcnicky_arrival_double_pillar, layout_loops_cross,
          minmay_pentomino_v4
D:2:      layout_loops_cross, shapermc_ecumenical_altar_totnotflames
D:3:      layout_loops_ring
D:4:      layout_basic

Skill      XL: |  1  2  3  4  5  6 |
---------------+-------------------+-----
Axes           | 3 4 5 |  5.2
Fighting       | |  3.8
Armour         | |  3.3
Dodging        | |  0.4
Shields        | |  3.4

Action                     |  1- 3 |  4- 6 || total
---------------------------+-------+-------++-------
  Melee: War axe           |   108 |   106 ||   214
    Use: Scroll            |       |     4 ||     4
 Armour: Scale mail        |    85 |    80 ||   165
  Dodge: Dodged            |    55 |    50 ||   105
  Block: Buckler           |    23 |    28 ||    51

Table legend: (Time is in decaauts)
 A = Elapsed time spent in this place.
 B = Non-inter-level travel time spent in this place.
 C = Inter-level travel time spent in this place.
 D = Time resting spent in this place.
 E = Time spent auto-exploring this place.
 F = Levels seen in this place.
 G = Mean time per level.
                   A        B        C        D        E       F      G
               +--------+--------+--------+--------+--------+-----+--------+
         Total |   2586 |   2514 |     72 |    441 |   1520 |   4 |  646.5 |
       Dungeon |   2586 |   2514 |     72 |    441 |   1520 |   4 |  646.5 |
               +--------+--------+--------+--------+--------+-----+--------+

Top non-repeatable levels by time:
     D:1: 1022 daAuts
     D:2: 659 daAuts
     D:3: 598 daAuts
     D:4: 305 daAuts
